 Dungeon Sprint DCSS version 0.27-a0-1217-g8a41f320e8 (webtiles) character file.

Game seed: 17567848024117917766

4714 mhtbhm the Carver (level 10, -2/99 HPs)
             Began as a Palentonga Berserker on June 5, 2021.
             Was a High Priest of Trog.
             Slain by an orc
             ... wielding a +0 trident
              (4 damage)
             ... in the Dungeon (Sprint III: "The Ten Rune Challenge").
             The game lasted 00:03:24 (1922 turns).

mhtbhm the Carver (Palentonga Berserker)            Turns: 1922, Time: 00:03:25

Health: -2/99      AC: 18    Str: 23    XL:     10   Next: 22%
Magic:  10/10      EV:  6    Int:  9    God:    Trog [*****.]
Gold:   20         SH:  0    Dex:  9    Spells: 9/9 levels left

rFire    . . .     SeeInvis +   a - +0 scimitar (flame)
rCold    . . .     Faith    .   (no shield)
rNeg     . . .     Spirit   .   b - +0 plate armour
rPois    .         Reflect  .   (no helmet)
rElec    .         Harm     .   (no cloak)
rCorr    .         Rampage  .   (no gloves)
Will     .....     NoTele   +   (no barding)
Stlth    ..........             (no amulet)
HPRegen  0.26/turn              (no ring)
MPRegen  0.12/turn              (no ring)

@: on berserk cooldown, slowed, curled up, very slow
A: large, rugged brown scales 3, see invisible, deformed body, roll 1, armoured
tail, reflexive curl
a: Rolling Charge, Renounce Religion, Berserk, Trog's Hand, Brothers in Arms


You were in the Dungeon.
You worshipped Trog.
Trog was extremely pleased with you.
You visited 1 branch You collected 20 gold pieces.

Inventory:

Hand Weapons
 a - a +0 scimitar of flaming (weapon)
Armour
 b - a +0 plate armour (worn)
Wands
 o - a wand of mindburst (7)
Scrolls
 h - a scroll of blinking
 i - a scroll of holy word {unknown}
 j - 4 scrolls of identify
 l - a scroll of immolation {unknown}
 n - a scroll of torment {unknown}
Potions
 c - 2 potions of curing
 d - a potion of heal wounds
 e - a potion of haste
 f - 3 potions of magic
 g - a potion of berserk rage
 k - 4 potions of mutation {unknown}
 m - 3 potions of flight
 p - a potion of might
Miscellaneous
 q - a piece from Xom's chessboard (15/15)


   Skills:
 + Level 13.8 Fighting
 + Level 14.7 Long Blades
 + Level 8.7 Armour
 + Level 7.1 Dodging
 + Level 2.0 Stealth


You had 9 spell levels left.
You didn't know any spells.
Your spell library was empty.

Dungeon Overview and Level Annotations

Branches:
Dungeon (1/1)

Altars:
Cheibriados
Dithmenos
Elyvilon
Fedhas
Gozag
Hepliaklqana
Kikubaaqudgha
Makhleb
Nemelex Xobeh
Okawaru
Qazlal
Ru
Sif Muna
Trog
Uskayaw
Vehumet
Wu Jian
Xom
Yredelemnul
Zin
The Shining One
Beogh
Jiyva
Lugonu

Shops:
D !


Innate Abilities, Weirdness & Mutations

You are completely covered in rugged brown scales. (AC +3, +7% HP)
You have supernaturally acute eyesight. (SInv)
Armour fits poorly on your strangely shaped body.
You can roll at nearby foes to attack.
You have a long armoured tail.
You curl defensively after being hit.


Message History

The orc completely misses you.
You completely miss the orc. The orc closely misses you.
The orc hits you but does no damage. The orc barely misses you.
Unknown command.
You barely miss the orc. You tail-slap the orc!
You kill the orc!
Trog accepts your kill. The orc hits you but does no damage.
Unknown command.
You closely miss the orc priest. You tail-slap the orc priest!
The orc priest is almost dead.
The orc closely misses you. The orc priest barely misses you.
The orc hits you with a +0 whip.
* * * LOW HITPOINT WARNING * * *
Unknown command.
You slash the orc priest! You burn the orc priest.
You kill the orc priest!
Trog accepts your kill. The orc hits you but does no damage. x2
Unknown command.
You slice the orc priest!! You burn the orc priest.
You kill the orc priest!
Trog accepts your kill. The orc hits you but does no damage.
Unknown command.
You closely miss the orc.
You tail-slap the orc, but do no damage.
The orc hits you but does no damage. The orc hits you with a +0 mace.
* * * LOW HITPOINT WARNING * * *
The orc hits you but does no damage.
Your plate armour prevents you from hitting the orc.
The orc hits you but does no damage.
You hit the orc but do no damage.
You are no longer berserk.
You are exhausted.
You feel yourself slow down. The orc hits you with a +0 whip.
* * * LOW HITPOINT WARNING * * *
The orc hits you but does no damage.
The orc hits you from afar with a +0 trident.
You die...

▓▓▓ ▓ ♣.############ ## $#
♣♣.#___#___#__###$##.#$
♣..#.).#__.#._#ooo.....
♣♣..###'#)###)##@)......
....#.....†....#o)......
♣♣..'.⌠........#)###∩##$
≈.♣.#...######'#$$# #
....#.⌠.#__#...#'################
....#...#__#...#..§§§§.#.')..'.#.
....#'###__#...#.#§§§#§#.#)..##.#
....#)):#__#...'.#§§.#.#.#...#.#.
....#___#__'...#.#.§§#...#...##.#


You could see 4 orcs.

Vanquished Creatures
  A centaur warrior (D)
  Erica (D)
  2 orc high priests (D)
  A deep elf pyromancer (D)
  An unseen horror (D)
  A shadow (D)
  A spatial vortex (D)
  2 wandering mushrooms (D)
  3 orc warriors (D)
  A necrophage (D)
  2 centaurs (D)
  An earth elemental (D)
  A water elemental (D)
  A jelly (D)
  3 orc priests (D)
  Jessica (D)
  A necromancer (D)
  A wizard (D)
  2 orc wizards (D)
  A kobold demonologist (D)
  3 humans (D)
  A phantom (D)
  3 orcs (D)
  An endoplasm (D)
  A rat (D)
37 creatures vanquished.

Vanquished Creatures (collateral kills)
  An orc (D)
1 creature vanquished.

Vanquished Creatures (others)
  A hydra (D)
  A wandering mushroom (D)
  2 plants (D)
4 creatures vanquished.

Grand Total: 42 creatures vanquished

Notes
Turn   | Place    | Note
-------+----------+-------------------------------------------
     0 | D        | mhtbhm the Palentonga Berserker began the quest for the
                  | Orb.
     0 | D        | Reached XP level 1. HP: 19/19 MP: 1/1
    60 | D        | Noticed Jessica
    63 | D        | Killed Jessica
    63 | D        | Reached ** piety under Trog
    64 | D        | Reached skill level 4 in Long Blades
    64 | D        | Reached XP level 2. HP: 27/27 MP: 2/2
   151 | D        | Reached skill level 5 in Fighting
   151 | D        | Reached skill level 5 in Long Blades
   151 | D        | Reached XP level 3. HP: 35/35 MP: 3/3
   151 | D        | Killed a six-headed hydra
   284 | D        | Noticed a water elemental
   288 | D        | Killed a water elemental
   288 | D        | Reached *** piety under Trog
   289 | D        | Reached skill level 6 in Long Blades
   289 | D        | Reached XP level 4. HP: 42/42 MP: 4/4
   366 | D        | Found a radiant altar of Vehumet.
   366 | D        | Found a shimmering blue altar of Sif Muna.
   366 | D        | Found an ancient bone altar of Kikubaaqudgha.
   366 | D        | Noticed a wizard
   370 | D        | Killed a wizard
   371 | D        | Reached XP level 5. HP: 50/50 MP: 5/5
   374 | D        | Reached **** piety under Trog
   375 | D        | Reached skill level 7 in Long Blades
   423 | D        | Found a glowing silver altar of Zin.
   423 | D        | Found a glowing golden altar of the Shining One.
   423 | D        | Found a white marble altar of Elyvilon.
   423 | D        | Noticed a deep elf pyromancer
   429 | D        | Killed a deep elf pyromancer
   430 | D        | Reached skill level 10 in Long Blades
   430 | D        | Reached skill level 5 in Dodging
   430 | D        | Reached XP level 6. HP: 15/63 MP: 6/6
   430 | D        | Gained mutation: You curl defensively after being hit.
                  | [Palentonga growth]
   430 | D        | Reached XP level 7. HP: 16/68 MP: 7/7
   714 | D        | Found a basalt altar of Yredelemnul.
   714 | D        | Found a shadowy altar of Dithmenos.
   714 | D        | Found a sacrificial altar of Ru.
   721 | D        | Reached skill level 10 in Fighting
   769 | D        | Found a hide-covered altar of Uskayaw.
   769 | D        | Found an iron altar of Okawaru.
   769 | D        | Found a bloodstained altar of Trog.
   769 | D        | Found an ornate altar of the Wu Jian Council.
   769 | D        | Noticed a human
   770 | D        | Noticed a human
   772 | D        | Killed a human
   772 | D        | Reached ***** piety under Trog
   773 | D        | Reached skill level 1 in Stealth
   775 | D        | Killed a human
   776 | D        | Reached skill level 11 in Long Blades
   844 | D        | Noticed a shadow
   847 | D        | Killed a shadow
   848 | D        | Reached XP level 8. HP: 80/80 MP: 8/8
   849 | D        | Reached skill level 5 in Armour
   906 | D        | Found a blossoming altar of Fedhas.
   906 | D        | Found a stormy altar of Qazlal.
   906 | D        | Found a snail-covered altar of Cheibriados.
   906 | D        | Found a burning altar of Makhleb.
   906 | D        | Found a shimmering altar of Xom.
   907 | D        | Found a hazy altar of Hepliaklqana.
   907 | D        | Found an opulent altar of Gozag.
   907 | D        | Found a sparkling altar of Nemelex Xobeh.
   907 | D        | Found a corrupted altar of Lugonu.
   907 | D        | Found a viscous altar of Jiyva.
  1024 | D        | Noticed Erica
  1031 | D        | Killed Erica
  1031 | D        | Identified the +10 halberd of Triumph {vorpal, Will++ MP-9
                  | Str+3 Stlth+} (Trog gifted it to you in the Dungeon)
  1031 | D        | Received a gift from Trog
  1032 | D        | Reached skill level 12 in Long Blades
  1137 | D        | Noticed a centaur warrior
  1144 | D        | Killed a centaur warrior
  1145 | D        | Reached skill level 13 in Long Blades
  1145 | D        | Reached XP level 9. HP: 88/89 MP: 9/9
  1259 | D        | Noticed an unseen horror
  1280 | D        | Killed an unseen horror
  1281 | D        | Reached skill level 14 in Long Blades
  1458 | D        | Noticed a wandering mushroom
  1462 | D        | Noticed a wandering mushroom
  1462 | D        | Noticed a wandering mushroom
  1779 | D        | Received a gift from Trog
  1880 | D        | Noticed an orc high priest
  1880 | D        | Noticed an orc high priest
  1894 | D        | Killed an orc high priest
  1895 | D        | Found Xoycw's Distillery.
  1899 | D        | Received a gift from Trog
  1902 | D        | Killed an orc high priest
  1903 | D        | Reached XP level 10. HP: 56/99 MP: 10/10
  1922 | D        | HP: 2/99 [orc/+0 whip (4)]
  1922 | D        | Slain by an orc

Illustrated notes

Levels and vault maps discovered:
D:        dungeon_sprint_mu [sprint_mu_entry_forest, sprint_mu_temple_rooms,
          sprint_mu_d1_horrors, sprint_mu_d2_genie, sprint_mu_d3_branching,
          sprint_mu_orc_legion, sprint_mu_elf_gauntlet, sprint_mu_hive_nellie,
          sprint_mu_lair_fedhas, sprint_mu_vaults_butterflies,
          sprint_mu_slime_circle, sprint_mu_swamp_cave, sprint_mu_shoals_kraken,
          sprint_mu_blade_basic, sprint_mu_crypt_fortress,
          sprint_mu_tomb_spiral, sprint_mu_vestibule_basic,
          sprint_mu_gehenna_hellfire, sprint_mu_dis_giant,
          sprint_mu_tartarus_statrot, sprint_mu_cocytus_islands, sprint_mu_zot1]

Skill      XL: |  1  2  3  4  5  6  7  8  9 |
---------------+----------------------------+-----
Fighting       | 4 5 6 9 11 12 13 | 13.8
Long Blades    | 4 5 6 10 11 13 14 | 14.7
Armour         | 2 3 4 6 8 |  8.7
Dodging        | 2 3 5 6 7 |  7.1
Stealth        | 1 2 |  2.0

Action                   |  1- 3 |  4- 6 |  7- 9 | 10-12 || total
-------------------------+-------+-------+-------+-------++-------
Melee: Falchion          |    18 |    12 |       |       ||    30
       Tailslap          |     4 |       |    13 |     4 ||    21
       Long sword        |       |       |    20 |       ||    20
       Scimitar          |       |       |    54 |    20 ||    74
Invok: Berserk           |     4 |     2 |     8 |       ||    14
       Brothers in Arms  |       |       |     1 |       ||     1
 Abil: Rolling Charge    |     1 |     2 |     3 |       ||     6
Armor: Animal skin       |     2 |     2 |       |       ||     4
       Plate armour      |       |       |    27 |    22 ||    49
Dodge: Dodged            |     8 |     3 |    13 |     7 ||    31
       Rpst.: Falchion   |     2 |       |       |       ||     2
       Long sword        |       |       |     1 |       ||     1
       Scimitar          |       |       |     4 |       ||     4

Table legend: (Time is in decaauts)
 A = Elapsed time spent in this place.
 B = Non-inter-level travel time spent in this place.
 C = Inter-level travel time spent in this place.
 D = Time resting spent in this place.
 E = Time spent auto-exploring this place.
 F = Levels seen in this place.
 G = Mean time per level.
                   A        B        C        D        E       F      G
               +--------+--------+--------+--------+--------+-----+--------+
         Total |   2028 |   2028 |      0 |   1622 |      0 |   1 | 2028.0 |
       Dungeon |   2028 |   2028 |      0 |   1622 |      0 |   1 | 2028.0 |
               +--------+--------+--------+--------+--------+-----+--------+

Top non-repeatable levels by time:
       D: 2028 daAuts
